 Dungeon Crawl Stone Soup version 0.25.0-11-g1f837a76a1 (console) character file.

Game seed: 8193070517775071285

223 bli the Ruffian (level 5, 0/45 HPs)
             Began as a Draconian Transmuter on June 27, 2020.
             Splashed by a jelly's acid (4 damage)
             ... on level 3 of the Dungeon.
             The game lasted 00:05:46 (1954 turns).

bli the Ruffian (Draconian Transmuter)              Turns: 1954, Time: 00:05:46

Health: 0/45       AC: -6    Str: 13    XL:     5   Next: 66%
Magic:  7/8        EV: 12    Int: 13    God:
Gold:   134        SH:  0    Dex: 12    Spells: 7/8 levels left

rFire    . . .     SeeInvis +     - Unarmed
rCold    . . .     Gourm    .   (no shield)
rNeg     . . .     Faith    .   (armour unavailable)
rPois    .         Spirit   .   (helmet restricted)
rElec    .         Reflect  .   b - +0 cloak (curse)
rCorr    .         Harm     .   (no gloves)
MR       .....                  (no boots)
Stlth    +.........             h - amulet of the acrobat
HPRegen  0.15/turn              n - ring of see invisible
MPRegen  0.11/turn              (no ring)

@: appendage, corroded
A: unfitting armour, horns 2, cold-blooded, AC +5
a: End Transformation


You were on level 3 of the Dungeon.
You were not hungry.
You had grown temporary horns.
You visited 1 branch of the dungeon, and saw 4 of its levels.

You collected 134 gold pieces.

Inventory:

Missiles
 a - 12 arrows
 j - 13 stones (quivered)
Armour
 b - a cursed +0 cloak (worn)
Jewellery
 h - an amulet of the acrobat (around neck)
 n - a ring of see invisible (left hand)
Scrolls
 e - a scroll of blinking {unknown}
 f - 2 scrolls of identify {unknown}
 g - a scroll of enchant armour {unknown}
 i - a scroll of magic mapping {unknown}
 p - a scroll of teleportation {unknown}
 q - a scroll of amnesia {unknown}
Potions
 k - a potion of resistance {unknown}
 l - a potion of lignification {unknown}
 m - a potion of degeneration {unknown}
 o - a potion of stabbing {unknown}
Comestibles
 c - 2 rations
 d - 5 chunks of flesh


   Skills:
 * Level 3.1 Fighting
 + Level 2.1 Dodging
 + Level 5.4 Unarmed Combat
 + Level 2.3 Spellcasting
 - Level 2.0 Transmutations


You had 7 spell levels left.
You knew the following spells:

 Your Spells              Type           Power        Failure   Level  Hunger
a - Beastly Appendage     Tmut           #.....       11%         1    #......

Your spell library contained the following spells:

 Spells                   Type           Power        Failure   Level  Hunger
 Sticks to Snakes         Tmut           #.......     16%         2    ###....
 Spider Form              Tmut/Pois      #.........   43%         3    ###....
 Ice Form                 Ice/Tmut       #.......     85%         4    #####..
 Blade Hands              Tmut           #.........   96%         5    ######.


Dungeon Overview and Level Annotations

Branches:
Dungeon (4/15)
 Temple: D:4-7

Altars:

Shops:
D:4 (


Innate Abilities, Weirdness & Mutations

Your plain brown scales are hard. (AC +5)
You cannot fit into any form of body armour.
You are cold-blooded and may be slowed by cold attacks.
You have a pair of horns on your head.


Message History

* * * LOW HITPOINT WARNING * * *
Your transformation is almost over.
Casting: Beastly Appendage (safe; 11% risk of failure)
Confirm with . or Enter, or press ? or * to list all spells.
You extend your transformation's duration.
You hit the jelly but do no damage.
Your hands burn!
* * * LOW HITPOINT WARNING * * *
The jelly is heavily wounded.
The jelly misses you.
You completely miss the jelly.
You tail-slap the jelly, but do no damage.
The jelly is heavily wounded.
The jelly completely misses you.
You hit the jelly but do no damage. The acid corrodes you!
Your hands burn!
* * * LOW HITPOINT WARNING * * *
You tail-slap the jelly.
The jelly is heavily wounded.
The jelly closely misses you.
You hit the jelly but do no damage.
Your hands burn!
You die...

#########
........#######
#.............
###(####>.###.# #
(......>...##.##.##
#.................#
#...###..####.##..#
#...###..####.# .
.......@J...#
..................
...#.#..###.##...#
(.......# #.# ..#
......... ..# #
.#.#.##.# #.# ....
..# #.# .## .## .#


You could see a jelly.

Vanquished Creatures
  2 howler monkeys (D:4)
  A centaur skeleton (D:4)
  2 worker ants (D:4)
  2 adders
  An ooze (D:2)
  A dart slug (D:1)
  2 leopard geckos
  4 giant cockroaches
  6 goblins
  4 hobgoblins (D:1)
  5 jackals (D:1)
  2 kobolds (D:1)
  A quokka (D:4)
  A ball python (D:4)
  4 bats
  A frilled lizard (D:4)
  A leopard gecko skeleton (D:4)
  3 rats (D:1)
43 creatures vanquished.

Notes
Turn   | Place    | Note
-------+----------+-------------------------------------------
     0 | D:1      | bli the Draconian Transmuter began the quest for the Orb.
     0 | D:1      | Reached XP level 1. HP: 16/16 MP: 3/3
   179 | D:1      | Reached XP level 2. HP: 22/23 MP: 5/5
   828 | D:1      | Reached XP level 3. HP: 15/29 MP: 6/6
  1371 | D:2      | Reached skill level 4 in Unarmed Combat
  1384 | D:2      | You fall into a shaft and drop 2 floors!
  1403 | D:4      | Reached XP level 4. HP: 12/37 MP: 7/7
  1689 | D:4      | Reached XP level 5. HP: 27/44 MP: 8/8
  1832 | D:4      | Reached skill level 5 in Unarmed Combat
  1881 | D:4      | Found Roorryes's Weapon Shoppe.
  1954 | D:3      | Splashed by a jelly's acid

Illustrated notes

Levels and vault maps discovered:
D:1:      eino_arrival_tree_alley, layout_loops_ring, minmay_bisected
D:2:      layout_basic, chequers_ecumenical_altar_simple_redux, feat_on_display
D:3:      layout_loops_ring, first_ration, gammafunk_ghost_cemetery,
          serial_bayou_pond_c, patterned_corridor
D:4:      layout_basic, serial_shops,
          nicolae_shop_temple_entry_statues_fountains, kennysheep_mini_moat,
          gammafunk_ghost_icy, hangedman_decor_riveting

Skill      XL: |  1  2  3  4  5 |
---------------+----------------+-----
Dodging        | 2 |  2.1
Fighting       | 2 3 |  3.1
Unarmed Combat | 4 5 |  5.4
Spellcasting   | |  2.3
Transmutations | |  2.0

Action                   |  1- 3 |  4- 6 || total
-------------------------+-------+-------++-------
Melee: Unarmed           |   135 |    53 ||   188
       Tailslap          |    12 |     8 ||    20
       Punch             |     1 |     3 ||     4
       Kick              |     5 |       ||     5
       Headbutt          |     2 |     7 ||     9
Throw: Stone             |       |     2 ||     2
 Cast: Beastly Appendage |     5 |     5 ||    10
  Use: Potion            |     1 |       ||     1
  Eat: Chunk             |     1 |     3 ||     4
Armor: Skin              |    37 |    10 ||    47
Dodge: Dodged            |   111 |    29 ||   140
